 Dungeon Crawl Stone Soup version 0.30-a0-135-g630cfc4551 (webtiles) character file.

Game seed: 1824439687684697714

36262 sanka the Destroyer (level 13, -12/101 HPs)
             Began as a Gnoll Conjurer on Sept 20, 2022.
             Was a High Priest of Ashenzari.
             Mangled by a komodo dragon (19 damage)
             ... on level 5 of the Lair of Beasts.
             The game lasted 00:51:11 (17538 turns).

sanka the Destroyer (Gnoll Conjurer)               Turns: 17538, Time: 00:51:12

Health: -12/101    AC: 15    Str: 11    XL:     13   Next: 89%
Magic:  15/27      EV: 15    Int: 33    God:    Ashenzari [*****.]
Gold:   641        SH:  7    Dex: 11    Spells: 20/32 levels left

rFire   . . .      SeeInvis +    a - +6 hand axe of Sueroo Ciur {pain, rN++ Int+4}
rCold   . . .      Faith    .    m - +0 buckler of Curses and Power {Cun, Bglg} (curse)
rNeg    + + .      Spirit   .    q - +1 leather armour of the Unveiling Morality {Will- Str+4 Int+7, Bglg, Comp} (curse)
rPois   .          Reflect  .    n - +1 helmet of the Lashed Mistrust {Fort, Elem} (curse)
rElec   .          Harm     .    J - +1 cloak of Ashenzari's Black Moon {Alch, Elem} (curse)
rCorr   +          Rampage  .    i - +0 pair of gloves of the Prescient Stars {Elem, Alch} (curse)
Will    .....      Clarity  +    w - +2 pair of boots "I Foresaw This" {Elem, Range} (curse)
Stlth   +++++.....               s - amulet of Ashenzari's Visionary {RegenMP, Melee, Fort} (curse)
HPRegen 0.26/turn                V - ring of wizardry
MPRegen 0.60/turn                Q - ring "Bound Ordeal" {rCorr, Melee, Comp} (curse)

@: lethally poisoned (-12 -> -25)
A: fangs 1, strong nose, distributed training
a: Renounce Religion, Curse Item, Shatter the Chains


You were on level 5 of the Lair of Beasts.
You worshipped Ashenzari.
Ashenzari was extremely pleased with you.
You visited 2 branches of the dungeon, and saw 16 of its levels.

You collected 961 gold pieces.
You spent 320 gold pieces at shops.


Innate Abilities, Weirdness & Mutations

You have very sharp teeth.
Your uncanny sense of smell can sniff out nearby items.
Your experience applies equally to all skills.


   Skills:
 + Level 9.0 Fighting
 + Level 9.0(12.5) Short Blades
 + Level 9.0(12.5) Long Blades
 + Level 9.0(12.5) Axes
 + Level 9.0(12.5) Maces & Flails
 + Level 9.0(12.5) Polearms
 + Level 9.0(12.5) Staves
 + Level 9.0(11.3) Ranged Weapons
 + Level 9.0(11.3) Throwing
 + Level 9.0(12.5) Armour
 + Level 10.1(12.4) Dodging
 + Level 10.0(12.3) Stealth
 + Level 9.0(12.5) Shields
 + Level 9.0(12.5) Unarmed Combat
 + Level 10.3 Spellcasting
 + Level 10.4(13.8) Conjurations
 + Level 7.5(11.0) Hexes
 + Level 7.5(11.0) Summonings
 + Level 7.5(11.0) Necromancy
 + Level 7.5(11.0) Translocations
 + Level 7.5(11.0) Transmutations
 + Level 7.5(12.9) Fire Magic
 + Level 7.5(12.9) Ice Magic
 + Level 7.5(12.9) Air Magic
 + Level 7.5(12.9) Earth Magic
 + Level 7.5(11.0) Poison Magic
 + Level 9.8 Invocations
 + Level 9.0 Evocations


You had 20 spell levels left.
You knew the following spells:

 Your Spells              Type           Power      Damage    Failure   Level
c - Summon Mana Viper     Hex/Summ       74%        N/A       1%          5
x - Searing Ray           Conj           100%       2d8       0%          2
z - Magic Dart            Conj           100%       1d8       0%          1
Z - Fulminant Prism       Conj/Hex       39%        3d18      1%          4

Your spell library contained the following spells:

 Spells                   Type           Power      Damage    Failure   Level
 Slow                     Hex            100%       N/A       1%          1
 Confusing Touch          Hex            74%        N/A       1%          3
 Dazzling Flash           Conj/Hex       100%       N/A       1%          3
 Inner Flame              Hex/Fire       77%        N/A       1%          3
 Ozocubu's Armour         Ice            80%        N/A       1%          3
 Vampiric Draining        Necr           74%        2d11      1%          3
 Cause Fear               Hex            37%        N/A       1%          4
 Iskenderun's Mystic Bla  Conj/Tloc      78%        2d16      1%          4
 Summon Ice Beast         Ice/Summ       77%        N/A       1%          4
 Metabolic Englaciation   Hex/Ice        38%        N/A       1%          5
 Simulacrum               Ice/Necr       38%        N/A       1%          6
 Ozocubu's Refrigeration  Ice            40%        4d16      7%          7
 Monstrous Menagerie      Summ           37%        N/A       16%         7
 Discord                  Hex            37%        N/A       71%         8

Inventory:

Hand Weapons
 a - the +6 hand axe of Sueroo Ciur (weapon) {pain, rN++ Int+4} In the hands of one skilled in necromantic magic, it inflicts extra damage on living creatures. Int: It affects your intelligence (+4). rN: It greatly protects you from negative energy.
 b - a +1 dagger of venom
Missiles
 z - 2 throwing nets {=f}
 C - 6 curare-tipped darts {=f}
Armour
 i - the cursed +0 pair of gloves of the Prescient Stars (worn) {Elem, Alch}

   It has a curse which improves the following skills: Elements: Fire Magic, Ice
   Magic, Air Magic and Earth Magic.
   Alchemy:   Poison Magic and Transmutations.
 m - the cursed +0 buckler of Curses and Power (worn) {Cun, Bglg}

   It has a curse which improves the following skills: Cunning: Dodging and
   Stealth.
   Beguiling: Conjurations, Hexes and Translocations.
 n - the cursed +1 helmet of the Lashed Mistrust (worn) {Fort, Elem}

   It has a curse which improves the following skills: Fortitude: Armour and
   Shields.
   Elements:  Fire Magic, Ice Magic, Air Magic and Earth Magic.
 q - the cursed +1 leather armour of the Unveiling Morality (worn) {Will- Str+4 Int+7, Bglg, Comp}

   Str:       It affects your strength (+4).
   Int:       It affects your intelligence (+7).
   Will:      It decreases your willpower.
   It has a curse which improves the following skills: Beguiling: Conjurations,
   Hexes and Translocations.
   Companions: Summonings and Necromancy.
 w - the cursed +2 pair of boots "I Foresaw This" (worn) {Elem, Range}

   It has a curse which improves the following skills: Elements: Fire Magic, Ice
   Magic, Air Magic and Earth Magic.
   Ranged Combat: Ranged Weapons and Throwing.
 J - the cursed +1 cloak of Ashenzari's Black Moon (worn) {Alch, Elem}

   It has a curse which improves the following skills: Alchemy: Poison Magic and
   Transmutations.
   Elements:  Fire Magic, Ice Magic, Air Magic and Earth Magic.
Magical Staves
 H - a staff of conjuration {!a}
Jewellery
 p - a ring of ice
 s - the cursed amulet of Ashenzari's Visionary (around neck) {RegenMP, Melee, Fort}

   [amulet of magic regeneration]

   It increases your rate of magic regeneration.
   It has a curse which improves the following skills: Melee Combat: Short
   Blades, Long Blades, Axes, Maces & Flails, Polearms, Staves and Unarmed
   Combat.
   Fortitude: Armour and Shields.
 Q - the cursed ring "Bound Ordeal" (right hand) {rCorr, Melee, Comp}

   [ring of resist corrosion]

   rCorr:     It protects you from acid and corrosion.
   It has a curse which improves the following skills: Melee Combat: Short
   Blades, Long Blades, Axes, Maces & Flails, Polearms, Staves and Unarmed
   Combat.
   Companions: Summonings and Necromancy.
 U - an amulet of the acrobat
 V - a ring of wizardry (left hand)
Wands
 c - a wand of paralysis (1)
 t - a wand of light (13)
 K - a wand of flame (5)
 L - a wand of roots (9)
 S - a wand of digging (5)
 T - a wand of mindburst (6)
Scrolls
 d - 8 scrolls of vulnerability {!r}
 e - 3 scrolls of noise {!r}
 g - 10 scrolls of teleportation {@r4}
 h - 4 scrolls of amnesia
 j - 2 scrolls of blinking
 l - 2 scrolls of immolation {!r}
 r - a scroll of fear
 u - 2 scrolls of brand weapon
 A - 5 scrolls of butterflies
 N - 2 scrolls of enchant weapon
 O - 2 scrolls of summoning
 P - 4 scrolls of enchant armour
Potions
 f - 2 potions of attraction {!q}
 k - a potion of might
 o - 6 potions of magic
 v - 3 potions of haste {@q3}
 x - 4 potions of brilliance
 y - a potion of curing {@q1}
 B - a potion of invisibility
 D - 4 potions of cancellation
 E - 2 potions of heal wounds {@q2}
 F - 6 potions of mutation {!q}
 G - 2 potions of berserk rage {!q}
 I - a potion of flight
 R - a potion of resistance
Miscellaneous
 M - a phantom mirror

Dungeon Overview and Level Annotations

Branches:
Dungeon (11/15)            Temple (0/1) D:6            Lair (5/5) D:9
 Shoals (0/4) Lair:3       Spider (0/4) Lair:2        Slime (0/5) Lair:4
    Orc (0/2) D:11

Altars:
Ashenzari
Hepliaklqana
Kikubaaqudgha
Makhleb
Nemelex Xobeh
Okawaru
Qazlal
Ru
Trog
Vehumet
Xom
Yredelemnul
Zin
Jiyva

Shops:
D:2 (   D:4 (*?[   D:5 * D:8

? ░ ░░, , ...........,,░
░ ,░ , ░░ ░........... ,
, ░ ▒▒.......... , ,,,
♣,░ ▒▒..▒........ , ░ ,
▒..░ ▒▒▒▒▒▒......▒ , ,,
, , ,,▒.f
▒▒▒▒▒.*.......▒ ,, ,
░,▒..▒▒▒▒▒▒▒†..▒....▒▒░
,,,, ,
,▒♣..▒.▒▒▒▒†l.▒▒....▒░ ,
, , ,
{▒.▒......†gl.▒......▒,
, ,
,▒....†....F▒▒▒▒{..... ,
{▒.....<<..▒....f.....,
, , , ░
8,▒.........▒.......▒.▒,
░ , ,
,,+................,, ,,
, ,, ,⌠
+..▒.▒.▒.........,,,,, ,
+....▒▒▒.....▒..▒ ,, ,
,, ░ ▒..P. ▒▒▒......▒ ,,
, ░░,▒.P▒▒░ ░P..P.., ,


You could see a komodo dragon, a cane toad, a basilisk (ally target) and a
friendly fulminant prism.


Message History

The blast of energy engulfs the komodo dragon!!
The komodo dragon is severely wounded.
The komodo dragon moves out of view.
You hear an angry hiss.
You hear an angry hiss.
You hear an angry hiss.
Unknown command.
Unknown command.
Aiming: Fulminant Prism (safe; 1% risk of failure)
You conjure a prism of explosive energy!
A fulminant prism comes into view.
* * * LOW HITPOINT WARNING * * *
You feel very sick. You block the komodo dragon's attack.
The cane toad closely misses you.
Unknown command.
Unknown command.
You feel very sick. You block the komodo dragon's attack.
The cane toad stings you!
* * * LOW HITPOINT WARNING * * *
Your fulminant prism crackles loudly.
Unknown command.
Unknown command.
The cane toad stings you!
* * * LOW HITPOINT WARNING * * *
You are lethally poisoned!
The cane toad poisons you! The komodo dragon bites you!!
You die...

Action                   |  1- 3 |  4- 6 |  7- 9 | 10-12 | 13-15 || total
-------------------------+-------+-------+-------+-------+-------++-------
Melee: Dagger            |    12 |    21 |    63 |       |     1 ||    97
       Bite              |     1 |     2 |    12 |     8 |    16 ||    39
       Punch             |       |       |     3 |     1 |       ||     4
       Flail             |       |       |    16 |     8 |       ||    24
       Hand axe          |       |       |       |   149 |   120 ||   269
 Cast: Magic Dart        |    64 |    29 |   203 |   107 |     3 ||   406
       Searing Ray       |     1 |     3 |    15 |    24 |       ||    43
       Fulminant Prism   |       |     5 |    27 |   140 |    59 ||   231
Invok: Curse Item        |       |       |     3 |     4 |     1 ||     8
Evoke: Wand              |       |       |       |       |     5 ||     5
  Use: Scroll            |       |       |     7 |     2 |       ||     9
       Potion            |       |       |     2 |       |     3 ||     5
 Stab: Sleeping          |       |     2 |     4 |       |     1 ||     7
       Distracted        |       |       |       |     2 |     1 ||     3
       Paralysed         |       |       |       |       |     4 ||     4
Armor: Robe              |     1 |     3 |       |       |       ||     4
       Leather armour    |       |       |    52 |    58 |    44 ||   154
Dodge: Dodged            |     6 |    16 |    85 |   112 |    74 ||   293
Block: Buckler           |       |       |       |    46 |    45 ||    91

Levels and vault maps discovered:
D:1:      dpeg_arrival_pits, layout_rooms
D:2:      layout_loops_cross, serial_shops, nicolae_shop_stone,
          ebering_dispersal_statue_hall, uniq_robin, uniq_sigmund
D:3:      layout_rooms, mainiacjoe_overflow_24_doors, lemuel_doored_altar,
          ebering_ecumenical_altar_webs
D:4:      layout_gridville, serial_shops, kennysheep_mini,
          nicolae_shop_temple_entry_statues_fountains, nicolae_shop_stone,
          nicolae_shop_competitors_out_of_business, hangedman_decor_lopped,
          uniq_duvessa, uniq_menkaure
D:5:      layout_gridville, nicolae_overflow_hidden_temple, serial_shops,
          nicolae_shop_hallway_stairs, uniq_edmund
D:6:      layout_loops_ring, nicolae_ru_great_annihilating_truth,
          minmay_temple_entry_enclosed_plants, uniq_maggie, uniq_grinder
D:7:      lemuel_castle_with_subvaults [lemuel_castle_interior_carwin_3],
          layout_cave_pods, led_xom_imps
D:8:      layout_gridville, bloody_makhleb, gammafunk_temple_overflow_wave,
          serial_shops, nicolae_square_shop, uniq_prince_ribbit1, uniq_grum,
          uniq_maurice
D:9:      minmay_flawed_box, layout_rooms, mainiacjoe_overflow_brackets,
          nemelex_spade_bored_becter, mainiacjoe_overflow_alcove_4,
          overflow_temple_1_default, lair_entry_dummy, serial_corexii_hall,
          corexii_hall_statues_l, corexii_hall_statues_t,
          corexii_hall_statues_i, corexii_hall_statues_l, lightli_corner_chamber
D:10:     layout_roguey, uniq_nergalle, uniq_sonja, uniq_erolcha
D:11:     layout_big_octagon, david_orc_1_choice,
          lemuel_zombie_altar_kikubaaqudgha
Lair:1:   layout_loops_ring, st_stairs_13, grunt_megastairs_5
Lair:2:   layout_loops_ring, hellmonk_spider_entry_not_the_bees,
          grunt_megastairs_1
Lair:3:   layout_regular_city, minmay_shoals_entry_hut
Lair:4:   layout_gridlike, dpeg_slime_entry_enclosed, guppyfry_lair_drakes,
          uniq_nessos
Lair:5:   due_jungle_book, layout_misc_corridors,
          nicolae_volcano_entry_lava_flow

Notes
Turn   | Place    | Note
-------+----------+-------------------------------------------
     0 | D:1      | sanka the Gnoll Conjurer began the quest for the Orb.
     0 | D:1      | Reached XP level 1. HP: 13/13 MP: 6/6
   116 | D:1      | Reached XP level 2. HP: 19/19 MP: 0/7
   183 | D:1      | Learned a level 2 spell: Searing Ray
   571 | D:1      | Reached skill level 5 in Spellcasting
   571 | D:1      | Reached XP level 3. HP: 25/25 MP: 5/9
   974 | D:2      | Reached skill level 1 in Invocations
  1100 | D:2      | Noticed Sigmund
  1124 | D:2      | Noticed Robin
  1286 | D:2      | Killed Robin
  1287 | D:2      | Reached skill level 1 in Fighting
  1287 | D:2      | Reached skill level 1 in Short Blades
  1287 | D:2      | Reached skill level 1 in Long Blades
  1287 | D:2      | Reached skill level 1 in Axes
  1287 | D:2      | Reached skill level 1 in Maces & Flails
  1287 | D:2      | Reached skill level 1 in Polearms
  1287 | D:2      | Reached skill level 1 in Staves
  1287 | D:2      | Reached skill level 1 in Ranged Weapons
  1287 | D:2      | Reached skill level 1 in Throwing
  1287 | D:2      | Reached skill level 1 in Armour
  1287 | D:2      | Reached skill level 1 in Shields
  1287 | D:2      | Reached skill level 1 in Unarmed Combat
  1287 | D:2      | Reached skill level 1 in Evocations
  1316 | D:2      | Reached XP level 4. HP: 20/32 MP: 1/11
  1453 | D:2      | Killed Sigmund
  1454 | D:2      | Reached skill level 1 in Hexes
  1454 | D:2      | Reached skill level 1 in Summonings
  1454 | D:2      | Reached skill level 1 in Necromancy
  1454 | D:2      | Reached skill level 1 in Translocations
  1454 | D:2      | Reached skill level 1 in Transmutations
  1454 | D:2      | Reached skill level 1 in Fire Magic
  1454 | D:2      | Reached skill level 1 in Ice Magic
  1454 | D:2      | Reached skill level 1 in Air Magic
  1454 | D:2      | Reached skill level 1 in Earth Magic
  1454 | D:2      | Reached skill level 1 in Poison Magic
  1454 | D:2      | Reached skill level 2 in Invocations
  1454 | D:2      | Reached XP level 5. HP: 38/38 MP: 4/12
  1454 | D:2      | Reached XP level 6. HP: 44/44 MP: 4/13
  1639 | D:2      | Found Tyraqay's Antique Weapon Emporium.
  1805 | D:2      | Identified the +1 leather armour "Paugiffu" {Will- Str+4
                  | Int+7}
  1838 | D:2      | Learned a level 4 spell: Fulminant Prism
  2024 | D:3      | Found a broken altar of Ashenzari.
  2053 | D:3      | Became a worshipper of Ashenzari the Shackled
  2130 | D:3      | Reached skill level 5 in Dodging
  2400 | D:3      | Reached skill level 2 in Fighting
  2400 | D:3      | Reached skill level 2 in Short Blades
  2400 | D:3      | Reached skill level 2 in Long Blades
  2400 | D:3      | Reached skill level 2 in Axes
  2400 | D:3      | Reached skill level 2 in Maces & Flails
  2400 | D:3      | Reached skill level 2 in Polearms
  2400 | D:3      | Reached skill level 2 in Staves
  2400 | D:3      | Reached skill level 2 in Ranged Weapons
  2400 | D:3      | Reached skill level 2 in Throwing
  2400 | D:3      | Reached skill level 2 in Armour
  2400 | D:3      | Reached skill level 2 in Shields
  2400 | D:3      | Reached skill level 2 in Unarmed Combat
  2400 | D:3      | Reached skill level 2 in Evocations
  2632 | D:6      | Noticed Grinder
  2641 | D:6      | Killed Grinder
  2642 | D:6      | Reached skill level 2 in Hexes
  2642 | D:6      | Reached skill level 2 in Summonings
  2642 | D:6      | Reached skill level 2 in Necromancy
  2642 | D:6      | Reached skill level 2 in Translocations
  2642 | D:6      | Reached skill level 2 in Transmutations
  2642 | D:6      | Reached skill level 2 in Fire Magic
  2642 | D:6      | Reached skill level 2 in Ice Magic
  2642 | D:6      | Reached skill level 2 in Air Magic
  2642 | D:6      | Reached skill level 2 in Earth Magic
  2642 | D:6      | Reached skill level 2 in Poison Magic
  2642 | D:6      | Reached XP level 7. HP: 51/51 MP: 5/15
  2721 | D:5      | Entered Level 5 of the Dungeon
  2721 | D:5      | Found an ancient bone altar of Kikubaaqudgha.
  2721 | D:5      | Found a stormy altar of Qazlal.
  2863 | D:6      | Found a sacrificial altar of Ru.
  2987 | D:6      | Reached skill level 5 in Stealth
  3021 | D:6      | Reached skill level 3 in Invocations
  3031 | D:6      | Identified +0 steam dragon scales
  3031 | D:6      | Noticed Maggie
  3306 | D:4      | Reached skill level 3 in Fighting
  3306 | D:4      | Reached skill level 3 in Short Blades
  3306 | D:4      | Reached skill level 3 in Long Blades
  3306 | D:4      | Reached skill level 3 in Axes
  3306 | D:4      | Reached skill level 3 in Maces & Flails
  3306 | D:4      | Reached skill level 3 in Polearms
  3306 | D:4      | Reached skill level 3 in Staves
  3306 | D:4      | Reached skill level 3 in Ranged Weapons
  3306 | D:4      | Reached skill level 3 in Throwing
  3306 | D:4      | Reached skill level 3 in Armour
  3306 | D:4      | Reached skill level 3 in Shields
  3306 | D:4      | Reached skill level 3 in Unarmed Combat
  3306 | D:4      | Reached skill level 3 in Evocations
  3306 | D:4      | Reached XP level 8. HP: 54/58 MP: 16/16
  3329 | D:4      | Found Weopn's General Store.
  3337 | D:4      | Reached * piety under Ashenzari
  3453 | D:4      | Noticed Menkaure
  3461 | D:4      | Killed Menkaure
  3462 | D:4      | Reached skill level 6 in Spellcasting
  3842 | D:4      | Found Peifaa's Armour Boutique.
  3845 | D:4      | Bought a +0 pair of gloves for 54 gold pieces
  3845 | D:4      | Bought a +0 pair of boots for 54 gold pieces
  4144 | D:4      | Noticed Dowan
  4148 | D:4      | Noticed Duvessa
  4184 | D:3      | Found a faded altar of an unknown god.
  4237 | D:3      | Found an iron altar of Okawaru.
  4410 | D:4      | Found Zaduysku's Weapon Boutique.
  4417 | D:4      | Killed Duvessa
  4419 | D:4      | Killed Dowan
  4503 | D:4      | Found Gupheg's Magic Scroll Shop.
  4675 | D:5      | Found Plog's Assorted Antiques.
  4709 | D:5      | Noticed Edmund
  4722 | D:5      | Killed Edmund
  4723 | D:5      | Reached skill level 3 in Hexes
  4723 | D:5      | Reached skill level 3 in Summonings
  4723 | D:5      | Reached skill level 3 in Necromancy
  4723 | D:5      | Reached skill level 3 in Translocations
  4723 | D:5      | Reached skill level 3 in Transmutations
  4723 | D:5      | Reached skill level 3 in Fire Magic
  4723 | D:5      | Reached skill level 3 in Ice Magic
  4723 | D:5      | Reached skill level 3 in Air Magic
  4723 | D:5      | Reached skill level 3 in Earth Magic
  4723 | D:5      | Reached skill level 3 in Poison Magic
  4723 | D:5      | Reached skill level 4 in Invocations
  4725 | D:5      | Reached skill level 6 in Dodging
  4913 | D:5      | Reached XP level 9. HP: 54/65 MP: 12/18
  5055 | D:5      | Reached skill level 4 in Fighting
  5055 | D:5      | Reached skill level 4 in Short Blades
  5055 | D:5      | Reached skill level 4 in Long Blades
  5055 | D:5      | Reached skill level 4 in Axes
  5055 | D:5      | Reached skill level 4 in Maces & Flails
  5055 | D:5      | Reached skill level 4 in Polearms
  5055 | D:5      | Reached skill level 4 in Staves
  5055 | D:5      | Reached skill level 4 in Ranged Weapons
  5055 | D:5      | Reached skill level 4 in Throwing
  5055 | D:5      | Reached skill level 4 in Armour
  5055 | D:5      | Reached skill level 4 in Shields
  5055 | D:5      | Reached skill level 4 in Unarmed Combat
  5055 | D:5      | Reached skill level 4 in Evocations
  5488 | D:6      | Reached skill level 6 in Stealth
  5488 | D:6      | Reached skill level 8 in Conjurations
  5725 | D:6      | Found a staircase to the Ecumenical Temple.
  5843 | D:6      | Killed Maggie
  6192 | D:7      | Reached ** piety under Ashenzari
  6486 | D:7      | Found a shimmering altar of Xom.
  6592 | D:7      | Reached skill level 5 in Invocations
  6725 | D:7      | Reached skill level 7 in Spellcasting
  6750 | D:7      | Reached skill level 4 in Hexes
  6750 | D:7      | Reached skill level 4 in Summonings
  6750 | D:7      | Reached skill level 4 in Necromancy
  6750 | D:7      | Reached skill level 4 in Translocations
  6750 | D:7      | Reached skill level 4 in Transmutations
  6750 | D:7      | Reached skill level 4 in Fire Magic
  6750 | D:7      | Reached skill level 4 in Ice Magic
  6750 | D:7      | Reached skill level 4 in Air Magic
  6750 | D:7      | Reached skill level 4 in Earth Magic
  6750 | D:7      | Reached skill level 4 in Poison Magic
  6762 | D:7      | Noticed a kobold demonologist
  6808 | D:7      | Reached skill level 5 in Fighting
  6808 | D:7      | Reached skill level 5 in Short Blades
  6808 | D:7      | Reached skill level 5 in Long Blades
  6808 | D:7      | Reached skill level 5 in Axes
  6808 | D:7      | Reached skill level 5 in Maces & Flails
  6808 | D:7      | Reached skill level 5 in Polearms
  6808 | D:7      | Reached skill level 5 in Staves
  6808 | D:7      | Reached skill level 5 in Ranged Weapons
  6808 | D:7      | Reached skill level 5 in Throwing
  6808 | D:7      | Reached skill level 5 in Armour
  6808 | D:7      | Reached skill level 5 in Shields
  6808 | D:7      | Reached skill level 5 in Unarmed Combat
  6808 | D:7      | Reached skill level 5 in Evocations
  6811 | D:7      | Reached XP level 10. HP: 74/74 MP: 10/20
  6973 | D:4      | Bought a scroll of enchant armour for 82 gold pieces
  6987 | D:4      | Bought a potion of cancellation for 80 gold pieces
  6987 | D:4      | Bought a potion of heal wounds for 50 gold pieces
  7086 | D:7      | Reached skill level 7 in Dodging
  7821 | D:7      | Noticed a rust devil
  7823 | D:7      | Killed a kobold demonologist
  7824 | D:7      | Reached skill level 7 in Stealth
  7824 | D:7      | Reached skill level 6 in Invocations
  7955 | D:7      | Identified the +6 hand axe of Sueroo Ciur {pain, rN++
                  | Int+4}
  8395 | D:8      | Found Yziabis's Magic Scroll Emporium.
  8461 | D:8      | Found a glowing silver altar of Zin.
  8461 | D:8      | Found a bloodstained altar of Trog.
  8526 | D:8      | Noticed Grum
  8532 | D:8      | Killed Grum
  8578 | D:8      | Noticed Maurice
  8586 | D:8      | Killed Maurice
  8632 | D:8      | Noticed a two-headed ogre
  8826 | D:8      | Noticed a two-headed ogre
  8840 | D:8      | Killed a two-headed ogre
  8841 | D:8      | Reached skill level 6 in Fighting
  8841 | D:8      | Reached skill level 6 in Short Blades
  8841 | D:8      | Reached skill level 6 in Long Blades
  8841 | D:8      | Reached skill level 6 in Axes
  8841 | D:8      | Reached skill level 6 in Maces & Flails
  8841 | D:8      | Reached skill level 6 in Polearms
  8841 | D:8      | Reached skill level 6 in Staves
  8841 | D:8      | Reached skill level 6 in Ranged Weapons
  8841 | D:8      | Reached skill level 6 in Throwing
  8841 | D:8      | Reached skill level 6 in Armour
  8841 | D:8      | Reached skill level 6 in Shields
  8841 | D:8      | Reached skill level 6 in Unarmed Combat
  8841 | D:8      | Reached skill level 8 in Spellcasting
  8841 | D:8      | Reached skill level 5 in Hexes
  8841 | D:8      | Reached skill level 5 in Summonings
  8841 | D:8      | Reached skill level 5 in Necromancy
  8841 | D:8      | Reached skill level 5 in Translocations
  8841 | D:8      | Reached skill level 5 in Transmutations
  8841 | D:8      | Reached skill level 5 in Fire Magic
  8841 | D:8      | Reached skill level 5 in Ice Magic
  8841 | D:8      | Reached skill level 5 in Air Magic
  8841 | D:8      | Reached skill level 5 in Earth Magic
  8841 | D:8      | Reached skill level 5 in Poison Magic
  8841 | D:8      | Reached skill level 6 in Evocations
  8841 | D:8      | Reached XP level 11. HP: 36/81 MP: 12/23
  9179 | D:8      | Found a burning altar of Makhleb.
  9283 | D:8      | Killed a two-headed ogre
  9284 | D:8      | Reached skill level 9 in Conjurations
  9284 | D:8      | Reached skill level 7 in Invocations
  9485 | D:8      | Reached skill level 8 in Dodging
  9585 | D:8      | Noticed Prince Ribbit
  9691 | D:8      | Killed Prince Ribbit
 10166 | D:9      | Reached skill level 8 in Stealth
 10367 | D:9      | Found a basalt altar of Yredelemnul.
 10749 | D:9      | Reached *** piety under Ashenzari
 10792 | D:9      | Found a hazy altar of Hepliaklqana.
 10848 | D:9      | Found a radiant altar of Vehumet.
 10919 | D:9      | Noticed a centaur warrior
 10981 | D:9      | Found a sparkling altar of Nemelex Xobeh.
 11017 | D:9      | Found a staircase to the Lair.
 11158 | D:10     | Entered Level 10 of the Dungeon
 11224 | D:10     | Noticed Sonja
 11227 | D:10     | Killed Sonja
 11311 | D:10     | Noticed Erolcha
 11321 | D:10     | Killed Erolcha
 11322 | D:10     | Reached skill level 7 in Fighting
 11322 | D:10     | Reached skill level 7 in Short Blades
 11322 | D:10     | Reached skill level 7 in Long Blades
 11322 | D:10     | Reached skill level 7 in Axes
 11322 | D:10     | Reached skill level 7 in Maces & Flails
 11322 | D:10     | Reached skill level 7 in Polearms
 11322 | D:10     | Reached skill level 7 in Staves
 11322 | D:10     | Reached skill level 7 in Ranged Weapons
 11322 | D:10     | Reached skill level 7 in Throwing
 11322 | D:10     | Reached skill level 7 in Armour
 11322 | D:10     | Reached skill level 7 in Shields
 11322 | D:10     | Reached skill level 7 in Unarmed Combat
 11322 | D:10     | Reached skill level 7 in Evocations
 11644 | D:10     | Reached XP level 12. HP: 91/91 MP: 18/24
 11717 | D:10     | Noticed a two-headed ogre
 11737 | D:10     | Killed a two-headed ogre
 11738 | D:10     | Reached skill level 6 in Hexes
 11738 | D:10     | Reached skill level 6 in Summonings
 11738 | D:10     | Reached skill level 6 in Necromancy
 11738 | D:10     | Reached skill level 6 in Translocations
 11738 | D:10     | Reached skill level 6 in Transmutations
 11738 | D:10     | Reached skill level 6 in Fire Magic
 11738 | D:10     | Reached skill level 6 in Ice Magic
 11738 | D:10     | Reached skill level 6 in Air Magic
 11738 | D:10     | Reached skill level 6 in Earth Magic
 11738 | D:10     | Reached skill level 6 in Poison Magic
 11843 | D:10     | Noticed Nergalle
 11852 | D:10     | Killed Nergalle
 11853 | D:10     | Reached skill level 8 in Invocations
 12029 | D:11     | Reached skill level 9 in Spellcasting
 12254 | D:11     | Reached **** piety under Ashenzari
 12269 | D:11     | Found an ancient bone altar of Kikubaaqudgha.
 12400 | D:11     | Noticed a two-headed ogre
 12412 | D:11     | Killed a two-headed ogre
 12417 | D:11     | Noticed a two-headed ogre
 12423 | D:11     | Killed a two-headed ogre
 12424 | D:11     | Reached skill level 9 in Dodging
 12876 | D:11     | Found a staircase to the Orcish Mines.
 12909 | D:11     | Learned a level 5 spell: Summon Mana Viper
 13138 | Lair:1   | Entered Level 1 of the Lair of Beasts
 13359 | Lair:1   | Noticed a death yak
 13375 | Lair:1   | Killed a death yak
 13376 | Lair:1   | Reached skill level 9 in Stealth
 13638 | Lair:1   | Reached skill level 8 in Fighting
 13638 | Lair:1   | Reached skill level 8 in Short Blades
 13638 | Lair:1   | Reached skill level 8 in Long Blades
 13638 | Lair:1   | Reached skill level 8 in Axes
 13638 | Lair:1   | Reached skill level 8 in Maces & Flails
 13638 | Lair:1   | Reached skill level 8 in Polearms
 13638 | Lair:1   | Reached skill level 8 in Staves
 13638 | Lair:1   | Reached skill level 8 in Ranged Weapons
 13638 | Lair:1   | Reached skill level 8 in Throwing
 13638 | Lair:1   | Reached skill level 8 in Armour
 13638 | Lair:1   | Reached skill level 8 in Shields
 13638 | Lair:1   | Reached skill level 8 in Unarmed Combat
 13638 | Lair:1   | Reached skill level 8 in Evocations
 13717 | Lair:1   | Noticed a death yak
 13812 | Lair:1   | Killed a death yak
 13813 | Lair:1   | Reached XP level 13. HP: 98/98 MP: 14/26
 13920 | Lair:1   | Reached skill level 9 in Invocations
 14351 | Lair:2   | Reached skill level 10 in Conjurations
 14822 | Lair:2   | Identified a potion of resistance
 14873 | Lair:2   | Reached skill level 7 in Hexes
 14873 | Lair:2   | Reached skill level 7 in Summonings
 14873 | Lair:2   | Reached skill level 7 in Necromancy
 14873 | Lair:2   | Reached skill level 7 in Translocations
 14873 | Lair:2   | Reached skill level 7 in Transmutations
 14873 | Lair:2   | Reached skill level 7 in Fire Magic
 14873 | Lair:2   | Reached skill level 7 in Ice Magic
 14873 | Lair:2   | Reached skill level 7 in Air Magic
 14873 | Lair:2   | Reached skill level 7 in Earth Magic
 14873 | Lair:2   | Reached skill level 7 in Poison Magic
 15070 | Lair:2   | Found a hole to the Spider Nest.
 15259 | Lair:2   | Reached ***** piety under Ashenzari
 15652 | Lair:3   | Reached skill level 10 in Spellcasting
 16222 | Lair:3   | Found a staircase to the Shoals.
 16513 | Lair:4   | Identified +0 acid dragon scales
 16515 | Lair:4   | Identified +0 steam dragon scales
 16654 | Lair:4   | Reached skill level 10 in Dodging
 16716 | Lair:4   | Found a staircase to the Slime Pits.
 16717 | Lair:4   | Found a viscous altar of Jiyva.
 16917 | Lair:4   | Noticed Nessos
 16929 | Lair:4   | Killed Nessos
 17373 | Lair:5   | Entered Level 5 of the Lair of Beasts
 17520 | Lair:5   | Reached skill level 9 in Fighting
 17520 | Lair:5   | Reached skill level 9 in Short Blades
 17520 | Lair:5   | Reached skill level 9 in Long Blades
 17520 | Lair:5   | Reached skill level 9 in Axes
 17520 | Lair:5   | Reached skill level 9 in Maces & Flails
 17520 | Lair:5   | Reached skill level 9 in Polearms
 17520 | Lair:5   | Reached skill level 9 in Staves
 17520 | Lair:5   | Reached skill level 9 in Ranged Weapons
 17520 | Lair:5   | Reached skill level 9 in Throwing
 17520 | Lair:5   | Reached skill level 9 in Armour
 17520 | Lair:5   | Reached skill level 9 in Shields
 17520 | Lair:5   | Reached skill level 9 in Unarmed Combat
 17520 | Lair:5   | Reached skill level 9 in Evocations
 17525 | Lair:5   | Reached skill level 10 in Stealth
 17535 | Lair:5   | HP: 9/101 [cane toad (18)]
 17538 | Lair:5   | Mangled by a komodo dragon

Vanquished Creatures
  Nessos (Lair:4)
  A hydra (Lair:2)
  Erolcha (D:10)
  A catoblepas (Lair:3)
  5 two-headed ogres
  2 death yaks (Lair:1)
  Sonja (D:10)
  Nergalle (D:10)
  2 cyclopes (D:11)
  6 elephants (Lair:5)
  2 torpor snails (Lair:1)
  A black mamba (Lair:2)
  11 cane toads
  Maurice (D:8)
  A gargoyle (D:11)
  3 rime drakes
  Maggie (D:6)
  An unseen horror (D:10)
  4 komodo dragons
  2 kobold demonologists
  A meliai (Lair:2)
  A troll (D:11)
  Grinder (D:6)
  3 hornets
  3 slime creatures (D:9)
  Prince Ribbit (D:8)
  7 blink frogs
  A snapping turtle (Lair:3)
  Sigmund (D:2)
  27 yaks
  7 wyverns
  A steam dragon (Lair:4)
  2 basilisks
  Grum (D:8)
  3 vampire mosquitoes (D:10)
  Menkaure (D:4)
  2 wargs (D:11)
  Edmund (D:5)
  4 acid dragons
  An ice beast (D:6)
  7 water moccasins
  7 orc warriors
  Duvessa (D:4)
  A black bear (Lair:2)
  A sky beast (D:8)
  18 wolves
  8 ogres
  A phantom (D:6)
  3 centaurs
  5 kobold brigands
  6 bullfrogs
  3 gnoll sergeants (D:7)
  2 scorpions
  Dowan (D:4)
  3 wights (D:8)
  12 killer bees
  3 electric eels
  5 howler monkeys (D:7)
  4 crimson imps (D:7)
  14 hounds
  3 gnoll boudas (D:7)
  2 jellies
  5 orc priests
  3 iguanas
  17 orc wizards
  Robin (D:2)
  9 gnolls
  10 adders
  A white imp (D:6)
  A worm (D:2)
  A dart slug (D:1)
  53 orcs
  7 ball pythons
  A bat zombie (D:11)
  4 endoplasms
  3 giant cockroaches
  12 goblins
  6 hobgoblins
  4 jackals
  A quokka (D:3)
  5 bats
  4 frilled lizards
  26 kobolds
  5 rats
  3 rat zombies (D:11)
409 creatures vanquished.

Vanquished Creatures (others)
  230 fulminant prisms
  26 fungi
  28 plants
  7 withered plants (Lair:5)
291 creatures vanquished.

Grand Total: 700 creatures vanquished
